 Dungeon Crawl Stone Soup version 0.26-a0-753-g4680b4fa2e (webtiles) character file.

Game seed: 3898828967818133457

36911 Chiseanne the Fighter (level 13, -5/131 HPs)
             Began as a Troll Hedge Wizard on Nov 7, 2020.
             Was an Initiate of Gozag.
             Slain by a troll (16 damage)
             ... led by an orc warlord
             ... on level 1 of the Orcish Mines.
             The game lasted 01:19:58 (20211 turns).

Chiseanne the Fighter (Troll Hedge Wizard)         Turns: 20211, Time: 01:19:58

Health: -5/131     AC: 14    Str: 21    XL:     13   Next: 55%
Magic:  6/23       EV: 12    Int: 14    God:    Gozag
Gold:   1097       SH:  0    Dex:  9    Spells: 13/27 levels left

rFire    . . .     SeeInvis .   a - +5 scythe "Finisher" {speed, eviscerate}
rCold    . . .     Faith    .   (shield currently unavailable)
rNeg     . . .     Spirit   .   h - +2 troll leather armour
rPois    .         Reflect  .   c - +1 hat
rElec    .         Harm     .   y - +1 cloak
rCorr    +         Rampage  .   (gloves unavailable)
MR       .....                  (boots unavailable)
Stlth    ++........             A - amulet of regeneration
HPRegen  1.51/turn              g - ring of resist corrosion
MPRegen  0.18/turn              k - ring of stealth

@: gold aura, very slightly contaminated
A: large, unfitting armour, claws 3, regeneration 1, shaggy fur 1, tough skin 3
a: Potion Petition, Call Merchant, Bribe Branch, Renounce Religion


You were on level 1 of the Orcish Mines.
You worshipped Gozag.
Gozag was most pleased with you.
You visited 3 branches of the dungeon, and saw 17 of its levels.
You also visited: Sewer.

You collected 5237 gold pieces.
You spent 2646 gold pieces at shops.
You paid 1494 gold pieces to Gozag.

Inventory:

Hand Weapons
 a - the +5 scythe "Finisher" (weapon) {speed, eviscerate}
   (You bought it in a shop on level 8 of the Dungeon)

   Attacks with this weapon are significantly faster.
 s - a +5 scimitar of flaming
 w - a +0 hunting sling
Missiles
 d - 18 poisoned darts (quivered)
 i - 207 sling bullets
 n - 41 boomerangs
 p - 254 arrows
 v - 121 bolts
 B - a throwing net
 J - 6 curare-tipped darts
 O - 7 datura-tipped darts
 W - 7 large rocks
Armour
 c - a +1 hat (worn)
 h - a +2 troll leather armour (worn)
 x - a +2 robe of cold resistance
 y - a +1 cloak (worn)
 E - a +2 robe of fire resistance
 G - a +0 tower shield
 I - a +0 kite shield
 V - a +2 tower shield of protection
Magical Staves
 H - an uncursed staff of cold
 S - an uncursed staff of earth
Jewellery
 g - a ring of resist corrosion (left claw)
 k - a ring of stealth (right claw)
 A - an amulet of regeneration (around neck)
 U - the cursed ring "Guzatan" {rC+ rN+ Dex-4}
   (You bought it in a shop on level 13 of the Dungeon)

   [ring of dexterity]

   It affects your dexterity (-4).
   It protects you from cold.
   It protects you from negative energy.
   It has a curse placed upon it.
Wands
 l - a wand of flame (8)
 N - a wand of disintegration (11)
 P - a wand of paralysis (34)
 Q - a wand of digging (1)
Scrolls
 b - 5 scrolls of teleportation
 f - 3 scrolls of magic mapping
 m - 3 scrolls of amnesia
 q - 10 scrolls of fog
 r - 2 scrolls of fear
 z - 5 scrolls of remove curse
 F - 2 scrolls of blinking
 K - 6 scrolls of identify
 M - a scroll of silence
 R - a scroll of immolation
Potions
 e - 3 potions of flight
 j - 5 potions of curing
 o - 5 potions of lignification
 t - 6 potions of heal wounds
 u - 2 potions of magic
 C - 2 potions of brilliance
 D - 3 potions of haste
 L - a potion of attraction
Miscellaneous
 T - a lightning rod (inert)


   Skills:
 * Level 9.4 Fighting
 - Level 6.4 Armour
 - Level 7.3 Dodging
 - Level 1.0 Stealth
 * Level 7.5 Spellcasting
 * Level 8.7 Conjurations
   Level 0.6 Summonings
 - Level 0.6 Translocations
 * Level 5.4 Air Magic


You had 13 spell levels left.
You knew the following spells:

 Your Spells              Type           Power        Failure   Level
a - Magic Dart            Conj           ####         1%          1
b - Blink                 Tloc           N/A          19%         2
c - Iskenderun's Battles  Conj           ####....     12%         5
d - Mephitic Cloud        Conj/Pois/Air  ###.....     7%          3
e - Static Discharge      Conj/Air       ####....     2%          3

Your spell library contained the following spells:

 Spells                   Type           Power        Failure   Level
 Shock                    Conj/Air       ####         1%          1
 Swiftness                Air            ###.....     2%          2
 Conjure Flame            Conj/Fire      ###.....     8%          3
 Animate Skeleton         Necr           #.....       16%         1
 Pain                     Necr           #...         16%         1
 Airstrike                Air            ###.......   16%         4
 Call Imp                 Summ           #.......     19%         2
 Slow                     Hex            #.......     24%         2
 Lightning Bolt           Conj/Air       ####......   24%         5
 Gell's Gravitas          Tloc           #.........   34%         3
 Confusing Touch          Hex            #.......     43%         3
 Vampiric Draining        Necr           #.........   43%         3
 Bolt of Magma            Conj/Fire/Erth ##........   78%         5
 Silence                  Hex/Air        ##........   80%         5
 Animate Dead             Necr           #.........   83%         4
 Cause Fear               Hex            #.........   83%         4
 Petrify                  Tmut/Erth      #.......     83%         4
 Iron Shot                Conj/Erth      ###.......   98%         6
 Orb of Destruction       Conj           ####......   98%         7
 Agony                    Necr           #.......     99%         5
 Metabolic Englaciation   Hex/Ice        #.........   99%         5
 Yara's Violent Unravell  Hex/Tmut       #.........   99%         5
 Haunt                    Necr/Summ      #.........   100%        7
 Spellforged Servitor     Conj/Summ      ###.......   100%        7
 Borgnjor's Revivificati  Necr           #.........   100%        8
 Discord                  Hex            #.........   100%        8
 Infestation              Necr           #.........   100%        8
 Necromutation            Tmut/Necr      #.........   100%        8
 Death's Door             Necr           #.........   100%        9


Dungeon Overview and Level Annotations

Branches:
Dungeon (14/15)            Temple (1/1) D:6            Lair (0/6) D:8
    Orc (2/2) D:12            Elf (0/3) Orc:2        Vaults (0/5) D:14
  Sewer (visited)

Altars:
Ashenzari
Cheibriados
Dithmenos
Elyvilon
Fedhas
Gozag
Hepliaklqana
Kikubaaqudgha
Makhleb
Nemelex Xobeh
Okawaru
Qazlal
Ru
Sif Muna
Trog
Uskayaw
Vehumet
Wu Jian
Xom
Yredelemnul
Zin
The Shining One
Beogh

Shops:
D:6 }   D:8 (   D:10 ?   D:13 *   Orc:2 ([*:

Portals:
Trove: D:10 (give +4 fire dragon scales)

Annotations:
D:4 Eustachio
D:7 3 runed translucent doors, Majang's ghost, novice DEIE


Innate Abilities, Weirdness & Mutations

You are too large for most types of armour.
You have claws for hands.
Your natural rate of healing is unusually fast.
You are covered in fur. (AC +1)
You have extremely tough skin. (AC +3)


Message History

You slash the troll!
The troll is almost dead.
The troll bites you but does no damage.
The troll claws you but does no damage. x2
You barely miss the troll.
The troll is almost dead.
The troll cries.
The troll bites you!
* * * LOW HITPOINT WARNING * * *
The troll claws you.
* * * LOW HITPOINT WARNING * * *
The troll claws you.
* * * LOW HITPOINT WARNING * * *
You hit the troll.
The troll is almost dead.
The troll bites you.
* * * LOW HITPOINT WARNING * * *
The troll completely misses you. The troll claws you but does no damage.
The troll bites you!
You die...
Your body crumbles into a pile of gold.

### ##
#@## #.#
##T###.#
##.#.#
##$#
####.##
##.#o##
#...##
##..##
#....##
.


You could see a troll (confused).

Vanquished Creatures
  3 orc warlords
  2 centaur warriors (D:9)
  Erica (D:9)
  4 two-headed ogres
  An orc high priest (Orc:2)
  3 unseen horrors
  5 orc knights
  A deep elf mage (D:13)
  2 cyclopes
  A centaur zombie (D:13)
  3 orc sorcerers
  2 ugly things (D:12)
  2 manticores
  Joseph (D:9)
  Psyche (D:9)
  A gargoyle (D:12)
  Maggie (D:10)
  A kobold demonologist (D:14)
  7 trolls
  3 hornets
  4 shadows
  4 wyverns
  A spriggan (D:11)
  12 yaks
  2 wraiths
  2 basilisks
  An acid dragon (D:13)
  Menkaure (D:6)
  6 wargs
  A soldier ant (D:12)
  A soldier ant (shapeshifter) (D:14)
  2 water moccasins
  An eye of draining (D:12)
  33 orc warriors
  6 ice beasts
  2 black bears
  5 sky beasts
  A necrophage (D:10)
  13 ogres
  6 centaurs
  3 boggarts (D:14)
  8 big kobolds
  Blork the orc (D:6)
  9 bullfrogs
  A wyvern zombie (D:13)
  4 gnoll sergeants
  6 scorpions
  13 wights
  3 vampire bats (D:14)
  6 electric eels
  3 howler monkeys
  2 bullfrog zombies
  4 hounds
  6 jellies
  7 orc priests
  2 bullfrog skeletons
  Crazy Yiuf (D:4)
  5 centaur skeletons
  17 orc wizards
  4 iguanas
  11 worker ants
  A killer bee zombie (D:8)
  A mummy (D:6)
  A worker ant zombie (D:7)
  15 gnolls
  13 adders
  A howler monkey skeleton (D:5)
  2 shadow imps
  A white imp (D:7)
  4 ufetubi
  4 oozes
  3 adder skeletons
  A dart slug (D:1)
  2 worms (D:3)
  7 leopard geckos
  70 orcs
  7 giant cockroaches
  5 goblins
  8 hobgoblins
  11 jackals
  24 kobolds
  7 quokkas
  13 ball pythons
  20 bats
  5 frilled lizards
  A giant cockroach zombie (D:6)
  4 goblin zombies
  3 hobgoblin zombies
  A kobold zombie (D:7)
  3 orc skeletons (D:7)
  A quokka skeleton (D:4)
  30 rats
  4 fungi (Orc:2)
538 creatures vanquished.

Vanquished Creatures (collateral kills)
  A manticore (D:12)
  An ogre (Orc:1)
2 creatures vanquished.

Vanquished Creatures (others)
  A dancing weapon (D:14)
  A wight (D:12)
  An orc wizard (D:12)
  An orc (Orc:1)
  13 fungi (Orc:2)
  2 plants (D:8)
19 creatures vanquished.

Grand Total: 559 creatures vanquished

Notes
Turn   | Place    | Note
-------+----------+-------------------------------------------
     0 | D:1      | Chiseanne the Troll Hedge Wizard began the quest for the
                  | Orb.
     0 | D:1      | Reached XP level 1. HP: 16/16 MP: 2/2
   246 | D:1      | Reached XP level 2. HP: 26/26 MP: 4/4
   260 | D:1      | Reached skill level 1 in Conjurations
   584 | D:1      | Reached XP level 3. HP: 32/32 MP: 2/5
  1101 | D:2      | Reached skill level 1 in Fighting
  1110 | D:2      | Found a broken altar of Ashenzari.
  1387 | D:2      | Learned a level 2 spell: Blink
  1391 | D:2      | Learned a level 3 spell: Mephitic Cloud
  1736 | D:3      | Reached XP level 4. HP: 37/41 MP: 1/6
  1923 | D:3      | Reached skill level 1 in Armour
  2048 | D:3      | Found a glowing drain.
  2284 | Sewer    | Entered a sewer
  2734 | Sewer    | Reached XP level 5. HP: 48/48 MP: 3/7
  2836 | Sewer    | Reached skill level 2 in Fighting
  2836 | Sewer    | Reached XP level 6. HP: 15/57 MP: 5/8
  3340 | D:4      | Noticed Eustachio
  3786 | D:4      | Found a bloodstained altar of Trog.
  3918 | D:4      | Found a runed translucent door.
  3919 | D:4      | Noticed Crazy Yiuf
  3940 | D:4      | Killed Crazy Yiuf
  4140 | D:5      | Entered Level 5 of the Dungeon
  4470 | D:5      | Reached XP level 7. HP: 64/66 MP: 5/10
  4783 | D:6      | Found a white marble altar of Elyvilon.
  4785 | D:6      | Found a sparkling altar of Nemelex Xobeh.
  4810 | D:6      | Noticed Blork the orc
  4835 | D:6      | Killed Blork the orc
  4939 | D:6      | Found Fyetsot's Gadget Shop.
  5016 | D:6      | Noticed Menkaure
  5023 | D:6      | Killed Menkaure
  5023 | D:6      | Reached skill level 3 in Fighting
  5059 | D:6      | Found a staircase to the Ecumenical Temple.
  5070 | Temple   | Entered the Ecumenical Temple
  5184 | Temple   | Became a worshipper of Gozag Ym Sagoz the Greedy
  5300 | D:6      | Reached XP level 8. HP: 57/75 MP: 11/11
  5886 | D:6      | Found a glowing silver altar of Zin.
  5887 | D:6      | Found a shimmering blue altar of Sif Muna.
  5890 | D:6      | Found a shadowy altar of Dithmenos.
  6503 | D:7      | Found a glowing golden altar of the Shining One.
  6610 | D:7      | Got a masterwork hunting sling
  6612 | D:7      | Identified the cursed +0 hunting sling "Tanaox" {speed,
                  | +Blink MR- Dex+6} (You found it on level 7 of the Dungeon)
  6660 | D:7      | Found a runed translucent gate.
  6660 | D:7      | Found a runed translucent gate.
  6660 | D:7      | Found a runed translucent gate.
  6663 | D:7      | Noticed Majang's ghost (novice DEIE)
  6666 | D:7      | Found a roughly hewn altar of Beogh.
  7012 | D:7      | Reached skill level 4 in Fighting
  7082 | D:7      | Reached XP level 9. HP: 63/84 MP: 13/13
  7310 | D:8      | Found a staircase to the Lair.
  7367 | D:8      | Reached skill level 5 in Dodging
  7722 | D:8      | Noticed a troll
  7722 | D:8      | Noticed a two-headed ogre
  7736 | D:8      | Killed a troll
  8040 | D:8      | Killed a two-headed ogre
  8040 | D:8      | Reached skill level 5 in Fighting
  8040 | D:8      | Reached skill level 5 in Armour
  8272 | D:9      | Noticed Joseph
  8459 | D:9      | Noticed a centaur warrior
  8461 | D:9      | Noticed a centaur warrior
  8468 | D:9      | Killed a centaur warrior
  8468 | D:9      | Reached skill level 5 in Conjurations
  8468 | D:9      | Reached XP level 10. HP: 58/96 MP: 11/16
  8474 | D:9      | Killed a centaur warrior
  8485 | D:9      | Found a hazy altar of Hepliaklqana.
  8560 | D:9      | Noticed Erica
  8731 | D:9      | Killed Erica
  8834 | D:9      | Reached skill level 5 in Spellcasting
  9081 | D:9      | Got a polished hand crossbow
  9125 | D:9      | Identified the +0 hand crossbow "Zophicix" {freeze, +Inv
                  | Dex+5} (You found it on level 9 of the Dungeon)
  9176 | D:9      | Killed Joseph
  9176 | D:9      | Reached skill level 6 in Fighting
  9493 | D:9      | Noticed Psyche
  9510 | D:9      | Killed Psyche
  9614 | D:10     | Entered Level 10 of the Dungeon
  9742 | D:10     | Reached XP level 11. HP: 105/105 MP: 17/17
  9971 | D:10     | Found a portal to a secret trove of treasure.
 10062 | D:10     | Found Fuwn's Magic Scroll Emporium.
 10070 | D:10     | Bought a scroll of identify for 24 gold pieces
 10070 | D:10     | Bought a scroll of identify for 24 gold pieces
 10070 | D:10     | Bought a scroll of identify for 24 gold pieces
 10070 | D:10     | Bought a scroll of identify for 24 gold pieces
 10070 | D:10     | Bought a scroll of noise for 12 gold pieces
 10070 | D:10     | Bought a scroll of silence for 90 gold pieces
 10070 | D:10     | Bought a scroll of enchant armour for 90 gold pieces
 10070 | D:10     | Bought a scroll of fog for 24 gold pieces
 10070 | D:10     | Bought a scroll of fog for 24 gold pieces
 10099 | D:10     | Paralysed by a hornet for 3 turns
 10678 | D:10     | Learned a level 5 spell: Iskenderun's Battlesphere
 10695 | D:10     | Noticed Maggie
 10709 | D:10     | Killed Maggie
 10779 | D:10     | Killed an unseen horror
 10853 | D:10     | Paralysed by a gnoll sergeant for 5 turns
 11308 | D:11     | Reached skill level 1 in Air Magic
 11817 | D:11     | Reached skill level 7 in Fighting
 12294 | D:8      | Bought the +5 scythe "Finisher" {speed, eviscerate} for
                  | 1148 gold pieces
 12294 | D:8      | Found the +5 scythe "Finisher" {speed, eviscerate}
 12526 | D:12     | Noticed a cyan ugly thing
 12552 | D:12     | Killed a cyan ugly thing
 12990 | D:12     | Reached XP level 12. HP: 106/118 MP: 13/20
 13053 | D:12     | Found a staircase to the Orcish Mines.
 14017 | D:12     | Noticed a two-headed ogre
 14028 | D:12     | Killed a two-headed ogre
 14252 | D:13     | Noticed a two-headed ogre
 14273 | D:13     | Killed a two-headed ogre
 14353 | D:13     | Reached skill level 8 in Fighting
 14409 | D:13     | Identified a scroll of acquirement
 14409 | D:13     | Acquired 878 gold pieces
 15462 | D:13     | Bought a clouded bronze ring for 140 gold pieces
 15462 | D:13     | Bought a shiny tower shield for 210 gold pieces
 15462 | D:13     | Bought a paperback book for 420 gold pieces
 15463 | D:13     | Identified the cursed ring "Guzatan" {rC+ rN+ Dex-4} (You
                  | bought it in a shop on level 13 of the Dungeon)
 15478 | D:14     | Noticed a boulder beetle
 16197 | D:14     | Noticed a two-headed ogre
 16207 | D:14     | Killed a two-headed ogre
 16438 | D:14     | Found a gate to the Vaults.
 16461 | D:14     | Noticed a boulder beetle
 16653 | Orc:1    | Entered Level 1 of the Orcish Mines
 16810 | D:12     | Learned a level 3 spell: Static Discharge
 16884 | Orc:1    | Reached XP level 13. HP: 128/128 MP: 16/22
 17069 | Orc:1    | Noticed an orc warlord
 17122 | Orc:1    | Found a roughly hewn altar of Beogh.
 17298 | Orc:1    | Killed an orc warlord
 17636 | Orc:2    | Entered Level 2 of the Orcish Mines
 17716 | Orc:2    | Noticed an orc warlord
 17953 | D:12     | Killed an orc warlord
 18153 | Orc:1    | Reached skill level 9 in Fighting
 18350 | Orc:1    | Reached skill level 5 in Air Magic
 18733 | Orc:2    | Noticed an orc warlord
 18743 | Orc:2    | Killed an orc warlord
 18837 | Orc:2    | Found Qeptun's Antique Weapon Shoppe.
 18996 | Orc:2    | Found Gepecw's Book Shoppe.
 19045 | Orc:2    | Found Eteafit's General Store.
 19111 | Orc:2    | Bought a scroll of blinking for 105 gold pieces
 19111 | Orc:2    | Bought a scroll of teleportation for 42 gold pieces
 19111 | Orc:2    | Bought a scroll of blinking for 105 gold pieces
 19111 | Orc:2    | Bought a scroll of magic mapping for 49 gold pieces
 19111 | Orc:2    | Bought a scroll of magic mapping for 49 gold pieces
 19111 | Orc:2    | Bought a potion of flight for 42 gold pieces
 19286 | Orc:2    | Found a staircase to the Elven Halls.
 19964 | Orc:2    | Found Igromoock's Antique Armour Emporium.
 20133 | Orc:1    | Noticed an orc warlord
 20211 | Orc:1    | Slain by a troll

Illustrated notes

Levels and vault maps discovered:
D:1:      dpeg_arrival_castle, layout_loops_ring
D:2:      minmay_spotlight, layout_loops_ring, evilmike_ruin_ashenzari
D:3:      layout_loops_cross, cheibrodos_sewer_entry_bend,
          minmay_fractal_squares_gapless_5
D:4:      layout_loops_ring, lemuel_round_altar, uniq_crazy_yiuf_cottage,
          uniq_eustachio
D:5:      layout_basic
D:6:      layout_basic, nicolae_overflow_hidden_temple, temple_fountains,
          nicolae_ossuary_entry_giza, serial_shops, kennysheep_little_box,
          uniq_blork_the_orc, uniq_menkaure
D:7:      layout_basic, nicolae_tso_besieged_by_evil,
          biasface_ghost_orc_armoury, lemuel_flamethrower_1
D:8:      layout_rooms, erik_lair_orcish_takeover, serial_bayou,
          serial_bayou_pond_e, serial_bayou_pond_d, serial_bayou_shore_b,
          serial_bayou_pond_a
D:9:      layout_loops_ring, nicolae_overflow_crystal_walls, disabler_island,
          uniq_erica, uniq_joseph, uniq_psyche
D:10:     layout_cave_pools, serial_gnoll_camp, gnoll_camp_mini_shop,
          gnoll_camp_mini_sergeant, gnoll_camp_mini_house,
          gnoll_camp_mini_loothouse, nicolae_trove_entry_columns, uniq_maggie
D:11:     lemuel_ice_spiral_2, layout_rooms, the_bakery
D:12:     layout_gridville, kennysheep_orc_monster_closet_entryway
D:13:     layout_basic
D:14:     layout_roguey, erik_vaults_1, hex_tiny, roderic_batcave
Temple:   dshaligram_water_room_temple
Orc:1:    layout_caves, basic_altar
Orc:2:    grunt_orc_gardens, layout_caves, grunt_orc_garden, grunt_orc_garden,
          grunt_orc_garden, grunt_orc_garden, lightli_orcish_oven

Skill      XL: |  1  2  3  4  5  6  7  8  9 10 11 12 13 |
---------------+----------------------------------------+-----
Conjurations   | 1 2 3 4 5 6 8 |  8.7
Dodging        | 2 3 4 5 6 7 |  7.3
Fighting       | 1 2 3 4 5 6 7 8 9 |  9.4
Armour         | 1 2 3 4 5 6 |  6.4
Spellcasting   | 3 4 5 6 7 |  7.5
Air Magic      | 2 4 5 |  5.4
Stealth        | |  1.0
Summonings     | |  0.6
Translocations | |  0.6

Action                   |  1- 3 |  4- 6 |  7- 9 | 10-12 | 13-15 || total
-------------------------+-------+-------+-------+-------+-------++-------
Melee: Dagger            |   133 |       |       |       |       ||   133
       Unarmed           |   103 |   200 |       |       |       ||   303
       Quarterstaff      |       |    11 |   234 |   444 |       ||   689
       Scythe            |       |       |       |   427 |   242 ||   669
Throw: Stone             |     4 |       |       |       |       ||     4
       Dart              |       |       |    12 |    11 |    15 ||    38
 Cast: Magic Dart        |    25 |    74 |   149 |   310 |    87 ||   645
       Mephitic Cloud    |       |     2 |     8 |    56 |    54 ||   120
       Blink             |       |       |     1 |    22 |    15 ||    38
       Static Discharge  |       |       |       |     3 |       ||     3
       Iskenderun's Batt |       |       |       |       |     7 ||     7
Invok: Call Merchant     |       |       |     1 |     1 |       ||     2
Evoke: Wand              |       |     6 |     4 |    35 |     6 ||    51
       Lightning rod     |       |       |       |       |     6 ||     6
  Use: Scroll            |     6 |     8 |     6 |    22 |     1 ||    43
       Potion            |       |     2 |     4 |     6 |     2 ||    14
 Stab: Sleeping          |     1 |     3 |     2 |     2 |       ||     8
       Confused          |       |     3 |     1 |    15 |     6 ||    25
       Paralysed         |       |       |     1 |     6 |       ||     7
       Distracted        |       |       |     1 |     2 |     1 ||     4
       Petrified         |       |       |       |    14 |       ||    14
       Petrifying        |       |       |       |     1 |       ||     1
Armor: Robe              |    20 |       |       |       |       ||    20
       Troll leather arm |   131 |   168 |   148 |   501 |    81 ||  1029
Dodge: Dodged            |   166 |   184 |   163 |   573 |   156 ||  1242

Table legend: (Time is in decaauts)
 A = Elapsed time spent in this place.
 B = Non-inter-level travel time spent in this place.
 C = Inter-level travel time spent in this place.
 D = Time resting spent in this place.
 E = Time spent auto-exploring this place.
 F = Levels seen in this place.
 G = Mean time per level.
                   A        B        C        D        E       F      G
               +--------+--------+--------+--------+--------+-----+--------+
         Total |  20684 |  19892 |    792 |   3517 |   9370 |  18 | 1149.1 |
       Dungeon |  16724 |  15951 |    773 |   2592 |   7632 |  14 | 1194.6 |
        Temple |    134 |    115 |     19 |      0 |    104 |   1 |  134.0 |
  Orcish Mines |   3146 |   3146 |      0 |    757 |   1358 |   2 | 1573.0 |
         Sewer |    679 |    679 |      0 |    168 |    275 |   1 |  679.0 |
               +--------+--------+--------+--------+--------+-----+--------+

Top non-repeatable levels by time:
    D:12: 2228 daAuts
   Orc:1: 1857 daAuts
    D:10: 1647 daAuts
    D:13: 1473 daAuts
     D:9: 1465 daAuts
   Orc:2: 1288 daAuts
     D:8: 1267 daAuts
     D:7: 1262 daAuts
    D:11: 1230 daAuts
     D:3: 1037 daAuts
     D:6: 1019 daAuts
     D:1: 982 daAuts
    D:14: 973 daAuts
     D:4: 876 daAuts
     D:2: 689 daAuts
